[Event "ICC Open 2015"]
[Site "Internet Chess Club"]
[Date "2015.05.29"]
[Round "5"]
[White "mazmar6"]
[Black "Woss"]
[Result "0-1"]
[ICCResult "White forfeits on time"]
[WhiteElo "2119"]
[BlackElo "2161"]
[Opening "Dutch defense"]
[ECO "A40"]
[NIC "QO.17"]
[Time "14:48:13"]
[TimeControl "180+0"]

1. d4 e6 2. c4 f5 3. Nf3 Nf6 4. e3 c6 5. Nc3 d5 6. Bd3 Bd6 7. O-O Nbd7 8. b3
O-O 9. Bb2 Ne4 10. Ne2 b6 11. Ne5 Bb7 12. f3 Nef6 13. Nf4 Re8 14. Qe2 Qc7
15. cxd5 exd5 16. Bxf5 Nxe5 17. dxe5 Bxe5 18. Bxe5 Qxe5 19. Bh3 Qxf4 20.
exf4 Rxe2 21. Rfe1 Rae8 22. Red1 c5 23. a3 d4 24. Bf5 Nh5 25. Bd3 Nxf4 26.
Bxe2 Rxe2 27. g3 Nh3+ 28. Kf1 Bxf3 29. Rd3 Rf2+ 30. Ke1 Be4 31. Rd2 Rf6 32.
Re2 Bf3 33. Re7 Rf7 34. Re8+ Rf8 35. Re7 Bh5 36. Kd2 Rf2+ 37. Kd3 Bg4 38.
Rae1 Ng5 39. Kc4 Rxh2 40. Re8+ Kf7 41. R1e7+ Kf6 42. Rxa7 Be6+ 43. Kb5 d3
44. Kxb6 d2 45. Rd8 Ke5 46. Kc7 Nf7 {White forfeits on time} 0-1

[Event "ICC Open 2015"]
[Site "Internet Chess Club"]
[Date "2015.05.29"]
[Round "5"]
[White "Rinazina46"]
[Black "BlueJ"]
[Result "1-0"]
[ICCResult "Black checkmated"]
[WhiteElo "1859"]
[BlackElo "2216"]
[Opening "Sicilian defense"]
[ECO "B44"]
[NIC "SI.39"]
[Time "14:48:52"]
[TimeControl "180+0"]

1. e4 c5 2. Nf3 e6 3. d4 cxd4 4. Nxd4 Nc6 5. c4 Nf6 6. Nc3 Bb4 7. Nxc6 bxc6
8. Bd3 e5 9. O-O O-O 10. Qe2 d6 11. a3 Bc5 12. b4 Bd4 13. Bb2 Rb8 14. Kh1 c5
15. b5 Bg4 16. f3 Bd7 17. a4 Nh5 18. g3 Bh3 19. Rfd1 Qg5 20. Nd5 Bxb2 21.
Qxb2 Kh8 22. a5 f5 23. Qe2 fxe4 24. Bxe4 Nf6 25. Nxf6 Rxf6 26. b6 a6 27. Rd3
Rh6 28. Rad1 Qxg3 29. Rxd6 Qg5 30. Rxh6 gxh6 31. Qd2 Qg7 32. Qf2 Qf6 33. Rg1
Rf8 34. Qg3 Bc8 35. Bd5 h5 36. Qg8+ Rxg8 37. Rxg8# {Black checkmated} 1-0

[Event "ICC Open 2015"]
[Site "Internet Chess Club"]
[Date "2015.05.29"]
[Round "5"]
[White "MythBulletChess"]
[Black "Kenajode"]
[Result "1-0"]
[ICCResult "Black resigns"]
[WhiteElo "1573"]
[BlackElo "1488"]
[Opening "Pirc: classical (two knights) system"]
[ECO "B08"]
[NIC "PU.10"]
[Time "14:50:12"]
[TimeControl "180+0"]

1. e4 d6 2. d4 Nf6 3. Nc3 g6 4. Nf3 Bg7 5. Be3 Bg4 6. h3 Bxf3 7. Qxf3 O-O 8.
g4 Nc6 9. h4 e5 10. d5 Nd4 11. Bxd4 exd4 12. Ne2 Re8 13. Ng3 Nxd5 14. Bc4
Nb4 15. Bxf7+ Kh8 16. Bxe8 Nxc2+ 17. Kd2 Nxa1 18. Bxg6 hxg6 19. Rxa1 Kg8 20.
h5 c5 21. hxg6 Qa5+ 22. Kc2 c4 23. Qf7+ {Black resigns} 1-0

[Event "ICC Open 2015"]
[Site "Internet Chess Club"]
[Date "2015.05.29"]
[Round "5"]
[White "akibael"]
[Black "Dlugy"]
[Result "0-1"]
[ICCResult "White forfeits on time"]
[WhiteElo "2440"]
[BlackElo "3040"]
[Opening "Réti opening"]
[ECO "A04"]
[NIC "QP.11"]
[Time "14:48:49"]
[TimeControl "180+0"]

1. Nf3 b5 2. b3 Bb7 3. Bb2 e6 4. e3 a6 5. Be2 Nf6 6. O-O c5 7. d4 cxd4 8.
Nxd4 Be7 9. c4 bxc4 10. Bxc4 O-O 11. Nc3 Nc6 12. Nxc6 Bxc6 13. Qe2 Qb6 14.
Rfd1 Rfc8 15. e4 d6 16. Rac1 Qb7 17. f3 Rd8 18. Bd3 d5 19. exd5 Nxd5 20.
Nxd5 Bxd5 21. h3 a5 22. Bb5 Rab8 23. Ba4 h6 24. Be5 Rbc8 25. Bb5 Qb6+ 26.
Kh1 Ba3 27. Rxc8 Rxc8 28. Ba1 Be7 29. Bd3 Qb4 30. Bb2 a4 31. bxa4 Qxa4 32.
Bb1 Ra8 33. Qd3 f5 34. Re1 Bxa2 35. Bc2 Qc6 36. Ra1 Bd5 37. Rxa8+ Qxa8 38.
Bb3 Bxb3 39. Qxb3 Qd5 40. Qb8+ Kf7 41. Be5 Qd7 42. Kh2 Bf6 43. f4 Bxe5 44.
Qxe5 Qe7 45. Qd4 Qf6 46. Qd6 Kg6 47. Qb8 Kh7 48. Qe8 g5 49. Qd7+ Kg6 50.
Qe8+ Qf7 51. Qd8 gxf4 52. Qh4 e5 53. Qf2 Qc7 {White forfeits on time} 0-1

[Event "ICC Open 2015"]
[Site "Internet Chess Club"]
[Date "2015.05.29"]
[Round "5"]
[White "MichelRocard"]
[Black "picopico"]
[Result "0-1"]
[ICCResult "White checkmated"]
[WhiteElo "1985"]
[BlackElo "1904"]
[Opening "French: Two knights variation"]
[ECO "C00"]
[NIC "FR.01"]
[Time "14:48:47"]
[TimeControl "180+0"]

1. e4 e6 2. Nc3 d5 3. Nf3 Nf6 4. e5 Nfd7 5. d4 c5 6. Bg5 Qb6 7. Be3 Qxb2 8.
Nb5 Kd8 9. a3 cxd4 10. Bxd4 Bb4+ 11. Ke2 Qxa1 12. Bxa1 Be7 13. Nd6 Bxd6 14.
exd6 f6 15. Nd4 Ne5 16. f4 Ng6 17. Kf3 Rf8 18. Nb5 Na6 19. Bd3 Bd7 20. a4
Rc8 21. Nxa7 Ra8 22. Nb5 Nc5 23. Bxg6 hxg6 24. c4 Rxa4 25. Nc7 Rxc4 26. Re1
e5 27. Qxd5 Bc6 28. Ne6+ Nxe6 29. Qxc6 bxc6 30. Rb1 Rxf4+ 31. Ke2 Kd7 32.
Bc3 Nc5 33. Bd2 Re4+ 34. Kf2 f5 35. Bb4 Rxb4 36. Ra1 Rb2+ 37. Kg3 Rb3+ 38.
Kh4 Rh8+ 39. Kg5 Rh6 40. Ra7+ Kxd6 41. Rxg7 Ne6+ 42. Kxh6 Nxg7 43. Kg5 Rb4
44. h3 e4 45. g4 e3 46. h4 e2 47. h5 Nxh5 48. Kh6 fxg4 49. Kg5 Rb5+ 50. Kh6
g5 51. Kg6 Nf4+ 52. Kh6 c5 53. Kg7 Rb6 54. Kh6 Ke5+ 55. Kh7 Nd3 56. Kg7 Ne1
57. Kh8 Kf6 58. Kh7 Rb8 59. Kh6 Rh8# {White checkmated} 0-1

[Event "ICC Open 2015"]
[Site "Internet Chess Club"]
[Date "2015.05.29"]
[Round "5"]
[White "jewels2"]
[Black "bigali"]
[Result "1-0"]
[ICCResult "Black forfeits on time"]
[WhiteElo "1280"]
[BlackElo "1586"]
[Opening "QGD semi-Slav: 5.e3"]
[ECO "D45"]
[NIC "SL.08"]
[Time "14:48:42"]
[TimeControl "180+0"]

1. d4 c6 2. c4 d5 3. Nc3 Nf6 4. Nf3 e6 5. e3 Be7 6. Bd3 O-O 7. b3 b6 8. Bb2
Bb7 9. cxd5 cxd5 10. h4 Nbd7 11. Qe2 Rc8 12. Kf1 Ng4 13. Ng5 f5 14. Nxe6 Qe8
15. Nxf8 Qxf8 16. Rc1 Nh6 17. Qf3 Qf7 18. Ke2 Rf8 19. Nb5 Qe6 20. Nc7 Qd6
21. Nb5 Qe6 22. Nc7 Qf7 23. Nb5 Qf6 24. Rc7 Bc8 25. Nxa7 Qd6 26. Rhc1 f4 27.
Nxc8 Qe6 28. Nxe7+ Qxe7 29. Qxd5+ Kh8 30. Rxd7 f3+ 31. gxf3 Qxh4 32. Qe4
{Black forfeits on time}
1-0

[Event "ICC Open 2015"]
[Site "Internet Chess Club"]
[Date "2015.05.29"]
[Round "5"]
[White "Sjelan"]
[Black "JCarllsen"]
[Result "1-0"]
[ICCResult "Black forfeits on time"]
[WhiteElo "2226"]
[BlackElo "1803"]
[Opening "King's Indian, 3.Nf3"]
[ECO "E61"]
[NIC "QP.06"]
[Time "14:48:35"]
[TimeControl "180+0"]

1. d4 Nf6 2. Nf3 g6 3. c4 Bg7 4. Nc3 O-O 5. Bf4 d6 6. e3 h6 7. Be2 Nh5 8.
Bg3 Nxg3 9. hxg3 c5 10. O-O Nc6 11. d5 Ne5 12. Nxe5 Bxe5 13. Qb3 a6 14. f4
Bg7 15. e4 b5 16. cxb5 Qa5 17. bxa6 Bxa6 18. Bxa6 Qxa6 19. Qc2 Rfb8 20. b3
Qa5 21. Rfc1 c4 22. bxc4 Qc5+ 23. Kh2 Qxc4 24. Rab1 Bxc3 25. Qxc3 Qxe4 26.
Rxb8+ Rxb8 27. Qc7 Rb2 28. Rg1 Qf5 29. Qxe7 Qh5+ 30. Qh4 Qxd5 31. Qh3 Rxa2
32. Rc1 Kg7 33. Rc7 Ra1 34. Qg4 Ra2 35. Qh3 h5 36. Re7 Ra1 37. g4 Qd4 38.
Qe3 Qxe3 39. Rxe3 hxg4 40. Kg3 Rd1 41. Kxg4 Kf6 42. g3 d5 43. Kf3 d4 44. Re5
Kg7 45. Rd5 f6 46. g4 g5 47. Rd7+ Kf8 48. fxg5 fxg5 49. Ke4 Rg1 50. Kf5 d3
51. Rxd3 Rf1+ 52. Kxg5 Kg7 53. Rd5 Kf8 54. Rf5+ Ke7 55. Rxf1 Kd7 56. Rf5 Ke8
57. Kf4 {Black forfeits on time} 1-0

[Event "ICC Open 2015"]
[Site "Internet Chess Club"]
[Date "2015.05.29"]
[Round "5"]
[White "SvMihajlov"]
[Black "Tacticguy"]
[Result "0-1"]
[ICCResult "White checkmated"]
[WhiteElo "2238"]
[BlackElo "1941"]
[Opening "Queen's pawn game"]
[ECO "D02"]
[NIC "QP.08"]
[Time "14:48:56"]
[TimeControl "180+0"]

1. d4 d5 2. Nf3 e6 3. c4 c5 4. cxd5 exd5 5. g3 Nc6 6. Bg2 c4 7. O-O Bb4 8.
b3 cxb3 9. axb3 Nf6 10. Ba3 Qe7 11. Bxb4 Qxb4 12. Ra4 Qd6 13. Ne5 O-O 14. f4
Ne4 15. Qd3 Bf5 16. Qe3 f6 17. Nxc6 Qxc6 18. Rc1 Qb5 19. Bxe4 Bxe4 20. Nd2
Rfe8 21. Rc5 Qd7 22. Nxe4 Rxe4 23. Qd3 Rae8 24. Ra2 Qg4 25. Rcc2 Rxf4 26.
Qb5 Rfe4 27. Qxd5+ Kh8 28. Qxb7 h5 29. Rxa7 h4 30. Rc3 Rxe2 31. Qf3 Qxd4+
32. Kh1 Qxa7 33. Qh5+ Kg8 34. Qd5+ Qf7 35. Qxf7+ Kxf7 36. gxh4 R2e3 37. Rc7+
R8e7 38. Rc4 Rxb3 39. Kg2 Re2+ 40. Kf1 Rxh2 41. Rc1 Rh1+ 42. Kg2 Rxc1 43. h5
Rc2+ 44. Kf1 Rb1# {White checkmated} 0-1

[Event "ICC Open 2015"]
[Site "Internet Chess Club"]
[Date "2015.05.29"]
[Round "5"]
[White "eddington"]
[Black "TanteDolli"]
[Result "1-0"]
[ICCResult "Black forfeits on time"]
[WhiteElo "2123"]
[BlackElo "1743"]
[Opening "Sicilian: modern Scheveningen"]
[ECO "B58"]
[NIC "SI.22"]
[Time "14:48:47"]
[TimeControl "180+0"]

1. e4 c5 2. Nf3 Nc6 3. d4 cxd4 4. Nxd4 Nf6 5. Nc3 d6 6. Be2 e6 7. O-O a6 8.
Be3 Qc7 9. a4 Be7 10. f4 O-O 11. Nb3 b6 12. Bf3 Bb7 13. g4 Rab8 14. g5 Nd7
15. Bg2 Nc5 16. Rf3 Nb4 17. Rh3 g6 18. Qd2 Nxb3 19. cxb3 Rfd8 20. Qf2 f6 21.
Qh4 Bf8 22. gxf6 Nc2 23. Re1 Nxe1 24. Qxe1 d5 25. exd5 Bxd5 26. Nxd5 exd5
27. Bd4 Qxf4 28. Be5 Bc5+ 29. Kh1 Qf5 30. Rf3 Re8 31. f7+ Kxf7 32. Rxf5+
gxf5 33. Qg3 Rg8 34. Bxd5+ Ke7 35. Qh4+ Kd7 36. Qxh7+ Be7 37. Bxg8 Rc8 38.
Qxf5+ Kd8 39. Bd5 Rc1+ 40. Kg2 Rc5 41. Qd3 Ke8 42. Bg3 Kf8 43. Qf5+ Ke8 44.
Bf7+ Kf8 45. Qe6 Rc2+ 46. Kh3 Rc7 47. Bg6 Bg5 48. Qe8+ Kg7 49. Be5+
{Black forfeits on time}
1-0

[Event "ICC Open 2015"]
[Site "Internet Chess Club"]
[Date "2015.05.29"]
[Round "5"]
[White "savlanut"]
[Black "shortcastle"]
[Result "1-0"]
[ICCResult "Black forfeits on time"]
[WhiteElo "1233"]
[BlackElo "1561"]
[Opening "King's Indian: East Indian defense"]
[ECO "A48"]
[NIC "QP.06"]
[Time "14:48:02"]
[TimeControl "180+0"]

1. d4 Nf6 2. Nf3 g6 3. Nc3 Bg7 4. g3 d5 5. Bg2 O-O 6. O-O Nbd7 7. Bf4 c5 8.
dxc5 Nxc5 9. Be5 Nh5 10. Bxg7 Nxg7 11. Qxd5 Qxd5 12. Nxd5 e6 13. Nf6+ Kh8
14. Ng5 h6 15. Nh3 Nd7 16. Ne4 Rb8 17. Rad1 Ne8 18. b4 Nef6 19. Nxf6 Nxf6
20. c4 b6 21. a4 Bb7 22. Nf4 Bxg2 23. Kxg2 Rbd8 24. f3 Kg7 25. Nd3 Rd4 26.
a5 Rxc4 27. axb6 axb6 28. b5 Rd4 29. Ne5 Rfd8 30. Rxd4 Rxd4 31. Rc1 Rd5 32.
f4 Nd7 33. Nc6 Rxb5 34. Nd4 Rd5 35. e3 Nf6 36. Rb1 Rd6 37. Nb5 Rc6 38. Nd4
Rd6 39. Kf3 Nd5 40. Rb3 Ne7 41. h4 Nc6 42. Nxc6 Rxc6 43. Ke4 Rd6 44. Ke5
Rd5+ 45. Ke4 f5+ 46. Kf3 Kf7 47. Rb4 Rd6 48. Rd4 Rxd4 49. exd4 Ke7 50. Ke3
Kd6 51. Kd3 Kd5 52. Kc3 b5 53. Kb3 Kxd4 54. Kb4 Ke3 55. Kxb5 Kf3 56. Kc6
Kxg3 57. Kd6 Kxf4 58. Kxe6 Kg4 59. Kf6 f4 60. Kxg6 f3 61. Kxh6 f2 62. h5
f1=Q 63. Kg7 Qf2 64. h6 {Black forfeits on time} 1-0

[Event "ICC Open 2015"]
[Site "Internet Chess Club"]
[Date "2015.05.29"]
[Round "5"]
[White "livis"]
[Black "Vegita"]
[Result "0-1"]
[ICCResult "White forfeits on time"]
[WhiteElo "1950"]
[BlackElo "2329"]
[Opening "Sicilian: Smith-Morra gambit"]
[ECO "B21"]
[NIC "SI.48"]
[Time "14:48:57"]
[TimeControl "180+0"]

1. e4 c5 2. d4 cxd4 3. Bd3 Nc6 4. f4 d5 5. e5 g6 6. Nf3 Bg4 7. a3 e6 8. O-O
h5 9. h3 Bxf3 10. Qxf3 h4 11. Nd2 Nh6 12. Re1 Be7 13. Nf1 Rc8 14. Bd2 Qb6
15. b4 a6 16. Kh2 Nf5 17. Reb1 Qd8 18. b5 axb5 19. Rxb5 Rc7 20. Rab1 Qc8 21.
R5b3 Qa8 22. Qe2 Kf8 23. a4 Na5 24. Rb5 Nc4 25. Bc1 Kg7 26. a5 Rh5 27. Nd2
Nfe3 28. Nf3 Na3 29. Nxd4 Nxb1 30. Bxe3 Nc3 31. Qg4 Nxb5 32. Nxe6+ fxe6 33.
Qxg6+ Kf8 34. Qxh5 Qxa5 35. Qh8+ Kf7 36. f5 exf5 37. Bxf5 Rc6 38. Qh5+ Kg8
39. Qh7+ Kf8 40. e6 Qc7+ 41. Kh1 Bf6 42. Bh6+ Bg7 43. Qh8+ Ke7 44. Qxg7+ Kd6
45. Bf4+ Kc5 46. Bxc7 Rxc7 47. Qf8+ Nd6 48. e7 Rc8 49. e8=Q Rxe8 50. Qf6
Re1+ {White forfeits on time} 0-1

[Event "ICC Open 2015"]
[Site "Internet Chess Club"]
[Date "2015.05.29"]
[Round "5"]
[White "RLH2"]
[Black "Federicov"]
[Result "0-1"]
[ICCResult "White forfeits on time"]
[WhiteElo "2903"]
[BlackElo "3204"]
[Opening "King's Indian: fianchetto, Panno variation"]
[ECO "E63"]
[NIC "KI.71"]
[Time "14:48:55"]
[TimeControl "180+0"]

1. g3 Nf6 2. Bg2 g6 3. c4 Bg7 4. Nc3 d6 5. Nf3 O-O 6. O-O Nc6 7. d4 a6 8.
Bg5 Rb8 9. Qd2 Bd7 10. Rac1 b5 11. Nd5 Ne4 12. Qe3 Nxg5 13. Qxg5 bxc4 14.
Rxc4 Rb5 15. Qc1 Rxd5 16. Rxc6 Bxc6 17. Qxc6 Rb5 18. b3 Rb6 19. Qc4 Qd7 20.
Rc1 Rc8 21. Ng5 e6 22. d5 e5 23. Bh3 f5 24. Ne6 Qb5 25. Qh4 Qxd5 26. Qe7 Bf8
27. Nxf8 Rxf8 28. Rxc7 Qf7 29. Bg2 Qxe7 30. Rxe7 e4 31. f3 d5 32. Rd7 Rb5
33. e3 Rc8 34. fxe4 dxe4 35. Bf1 Rc1 36. Kf2 Rc2+ 37. Kg1 Rc1 38. Kf2 Rbc5
39. Bc4+ Kf8 40. Rf7+ Ke8 41. Rxh7 Rc2+ 42. Kg1 a5 43. a4 Rc3 44. Kf2 Rc2+
45. Kg1 Re5 46. h4 Re7 47. Rh8+ Kd7 48. Ra8 Rc3 49. Kf2 Rc2+ 50. Kg1 Rc3 51.
Kf2 Kd6 52. Rxa5 Rc2+ 53. Ke1 Rd7 54. Rd5+ Ke7 55. Rxd7+ Kxd7 56. Bf7 Rc3
57. Bxg6 Rxe3+ 58. Kf2 Rf3+ 59. Kg2 Ke6 60. g4 Rxb3 61. Bxf5+ Ke5 62. h5 Kf4
63. h6 Rb2+ 64. Kg1 Rb1+ 65. Kf2 Rb2+ 66. Ke1 Ke3 67. Kf1 Kf3 68. Ke1 e3 69.
h7 Rh2 70. Kd1 Rh1+ 71. Kc2 e2 {White forfeits on time} 0-1

[Event "ICC Open 2015"]
[Site "Internet Chess Club"]
[Date "2015.05.29"]
[Round "5"]
[White "LastKeks"]
[Black "dwg6"]
[Result "1-0"]
[ICCResult "Black checkmated"]
[WhiteElo "3230"]
[BlackElo "2272"]
[Opening "Robatsch (modern) defense"]
[ECO "B06"]
[NIC "KF.05"]
[Time "14:48:52"]
[TimeControl "180+0"]

1. e4 g6 2. d4 Bg7 3. Nf3 d6 4. Bc4 Nf6 5. Qe2 e6 6. e5 Nfd7 7. O-O O-O 8.
Bg5 Qe8 9. Nc3 a6 10. Rad1 b5 11. Bd3 Bb7 12. Ne4 Bxe4 13. Bxe4 d5 14. Bd3
c5 15. c3 Nc6 16. h4 f6 17. exf6 Nxf6 18. Rfe1 cxd4 19. cxd4 Nh5 20. Qxe6+
Qxe6 21. Rxe6 Nxd4 22. Nxd4 Bxd4 23. Be3 Bxe3 24. Rxe3 Nf4 25. Bc2 Rad8 26.
Bb3 Kg7 27. f3 d4 28. Re7+ Kf6 29. Rxh7 d3 30. g3 Ne2+ 31. Kf2 a5 32. a3 a4
33. Ba2 Rd6 34. f4 Kf5 35. Re7 Kg4 36. Be6+ Rf5 37. Bxf5+ Kxf5 38. Re5+ Kg4
39. Rg5+ Kh3 40. Rh1# {Black checkmated} 1-0

[Event "ICC Open 2015"]
[Site "Internet Chess Club"]
[Date "2015.05.29"]
[Round "5"]
[White "elmonkey"]
[Black "gladiator46"]
[Result "0-1"]
[ICCResult "White forfeits on time"]
[WhiteElo "1326"]
[BlackElo "1658"]
[Opening "QGD semi-Slav"]
[ECO "D43"]
[NIC "SL.06"]
[Time "14:49:12"]
[TimeControl "180+0"]

1. d4 c6 2. c4 d5 3. Nc3 e6 4. Nf3 Nf6 5. Bg5 Be7 6. e3 Nbd7 7. Be2 O-O 8.
O-O dxc4 9. a4 b5 10. axb5 cxb5 11. Nxb5 Nb6 12. Qc2 a6 13. Bxc4 Nxc4 14.
Qxc4 axb5 15. Qxb5 Rxa1 16. Rxa1 Bd7 17. Qd3 Qb6 18. Rb1 Bb5 19. Qb3 Qa6 20.
h3 Bc4 21. Qd1 Bd3 22. Ra1 Qb5 23. Qd2 Bb4 24. Qc1 Ne4 25. Bh4 g5 26. Bg3
Nxg3 27. fxg3 h6 28. Qc7 Qc4 29. Qd7 Qd5 30. Qc7 Bd6 31. Qa7 Bxg3
{White forfeits on time}
0-1

[Event "ICC Open 2015"]
[Site "Internet Chess Club"]
[Date "2015.05.29"]
[Round "5"]
[White "nihil95"]
[Black "Samset0304"]
[Result "1-0"]
[ICCResult "Black checkmated"]
[WhiteElo "1697"]
[BlackElo "1618"]
[Opening "Sicilian defense"]
[ECO "B32"]
[NIC "SI.31"]
[Time "14:47:25"]
[TimeControl "180+0"]

1. e4 c5 2. Nf3 Nc6 3. d4 cxd4 4. Bc4 e6 5. O-O d6 6. Bf4 Nf6 7. Qe2 Qb6 8.
c3 dxc3 9. Nxc3 e5 10. Bg3 Bg4 11. Nd5 Nxd5 12. exd5 Nd4 13. Qd3 Nxf3+ 14.
gxf3 Bh3 15. Rfe1 Be7 16. Bb5+ Bd7 17. Bxd7+ Kxd7 18. Qf5+ Ke8 19. f4 f6 20.
fxe5 dxe5 21. Rad1 Qxb2 22. d6 Bd8 23. Qe6+ Kf8 24. Rc1 g6 25. d7 Kg7 26.
Rc8 Ba5 27. Rxe5 Qb1+ 28. Kg2 fxe5 29. Bxe5+ Kh6 30. Qh3+ Kg5 31. f4#
{Black checkmated}
1-0

[Event "ICC Open 2015"]
[Site "Internet Chess Club"]
[Date "2015.05.29"]
[Round "5"]
[White "moonriver"]
[Black "whynotchess960"]
[Result "0-1"]
[ICCResult "White forfeits on time"]
[WhiteElo "1455"]
[BlackElo "1998"]
[Opening "Queen's bishop game"]
[ECO "D02"]
[NIC "QP.08"]
[Time "14:48:33"]
[TimeControl "180+0"]

1. d4 d5 2. Nf3 Nf6 3. Bf4 c5 4. h3 cxd4 5. Nxd4 Nc6 6. Nc3 Qb6 7. Be3 Qd8
8. Nxc6 bxc6 9. Bc5 Bf5 10. e3 Nd7 11. Ba3 e6 12. Bd3 Bxd3 13. cxd3 Bxa3 14.
bxa3 Qa5 15. Qc1 Nc5 16. Ke2 O-O 17. d4 Qa6+ 18. Kf3 Nd3 19. Qd2 e5 20. g3
e4+ 21. Kg2 Qxa3 22. f3 f5 23. Rhf1 Rab8 24. Rab1 a5 25. Rxb8 Rxb8 26. Rb1
Rxb1 27. Nxb1 Qa4 28. Nc3 Qb4 29. Qc2 Ne1+ 30. Kf2 Nxc2 31. g4 Qxc3 32. Kg3
Qxe3 33. Kh4 Qxf3 34. a4 Ne3 35. Kg5 h6+ 36. Kg6 fxg4 37. Kh5 Qf5+ 38. Kh4
Qg5+ 39. Kg3 Nf5+ {White forfeits on time} 0-1

[Event "ICC Open 2015"]
[Site "Internet Chess Club"]
[Date "2015.05.29"]
[Round "5"]
[White "nadalthegreat"]
[Black "AlexSlizhevsky"]
[Result "0-1"]
[ICCResult "White checkmated"]
[WhiteElo "1554"]
[BlackElo "2038"]
[Opening "Sicilian: Najdorf, 6...e6"]
[ECO "B95"]
[NIC "SI.04"]
[Time "14:49:20"]
[TimeControl "180+0"]

1. e4 c5 2. Nf3 d6 3. d4 cxd4 4. Nxd4 Nf6 5. Nc3 a6 6. Bg5 e6 7. Bc4 Be7 8.
O-O O-O 9. f4 b5 10. Bd3 Qb6 11. Ne2 e5 12. fxe5 dxe5 13. Be3 Ng4 14. Nf5
Nxe3 15. Nxe7+ Kh8 16. Qe1 Nxc2+ 17. Qf2 Qxf2+ 18. Kxf2 Nxa1 19. Rxa1 Be6
20. Ng3 g6 21. Nd5 Bxd5 22. exd5 Nd7 23. Rc1 Rac8 24. Rd1 f5 25. Bb1 Rc5 26.
d6 Kg7 27. Ne2 Rd8 28. Nc3 Nb6 29. a3 Rc6 30. d7 Rxd7 31. Re1 e4 32. Ba2
Rd2+ 33. Re2 Rxe2+ 34. Kxe2 Nc4 35. Bxc4 Rxc4 36. Ke3 Kf6 37. g3 Ke5 38. h4
h6 39. Ke2 g5 40. h5 f4 41. gxf4+ gxf4 42. Kf2 Rxc3 43. bxc3 Kd5 44. Ke2 Kc4
45. Kd2 a5 46. Kc2 e3 47. a4 bxa4 48. Kb2 f3 49. Kc2 f2 50. Kb2 f1=Q 51. Ka3
Qd3 52. Kxa4 Qb1 53. Kxa5 Qb5# {White checkmated} 0-1

[Event "ICC Open 2015"]
[Site "Internet Chess Club"]
[Date "2015.05.29"]
[Round "5"]
[White "Torek9M"]
[Black "Reinerg"]
[Result "1-0"]
[ICCResult "Black forfeits on time"]
[WhiteElo "1194"]
[BlackElo "1305"]
[Opening "Ponziani: Jaenisch counter-attack"]
[ECO "C44"]
[NIC "KP.05"]
[Time "14:49:06"]
[TimeControl "180+0"]

1. e4 e5 2. Nf3 Nc6 3. c3 Nf6 4. d3 d5 5. exd5 Nxd5 6. Nbd2 Bg4 7. Be2 Nf6
8. h3 Bh5 9. Nf1 Bd6 10. Ng3 Bxf3 11. Bxf3 O-O 12. O-O Re8 13. Qd2 Rb8 14.
Qg5 h6 15. Qh4 Be7 16. Bxh6 Nh7 17. Qg4 g6 18. Nf5 Nf6 19. Qg5 Nh7 20. Nxe7+
Qxe7 21. Qe3 f5 22. Bd5+ Kh8 23. h4 Qxh4 24. Bxc6 bxc6 25. g3 Qe7 26. Kg2
Rbd8 27. Rh1 {Black forfeits on time} 1-0

[Event "ICC Open 2015"]
[Site "Internet Chess Club"]
[Date "2015.05.29"]
[Round "5"]
[White "YaacovN"]
[Black "Shadeath"]
[Result "1-0"]
[ICCResult "Black forfeits on time"]
[WhiteElo "2759"]
[BlackElo "2986"]
[Opening "QGD Slav: exchange variation, 6.Bf4 Bf5"]
[ECO "D14"]
[NIC "SL.02"]
[Time "14:49:02"]
[TimeControl "180+0"]

1. d4 d5 2. Nf3 Nf6 3. c4 c6 4. cxd5 cxd5 5. Nc3 Nc6 6. Bf4 Bf5 7. Qb3 Na5
8. Qa4+ Bd7 9. Qc2 Rc8 10. e3 e6 11. Bd3 b5 12. Qd1 Nc4 13. Bxc4 bxc4 14.
O-O Bb4 15. a3 Be7 16. b3 O-O 17. Ne5 cxb3 18. Qxb3 Rb8 19. Qa2 Rc8 20. Rfc1
Qa5 21. Nxd7 Nxd7 22. Qb3 Nb6 23. Qb5 Qxb5 24. Nxb5 a6 25. Nc7 a5 26. a4 Nc4
27. Nb5 f6 28. h3 Kf7 29. Bg3 Bb4 30. Rc2 Ke7 31. Rb1 Kd7 32. Rbc1 Bd2 33.
Rd1 Bb4 34. Rdc1 Rc6 35. Kh2 Rfc8 36. Na7 g5 37. Nxc8 Kxc8 38. h4 g4 39. h5
Kd7 40. h6 e5 41. dxe5 fxe5 42. e4 Ke6 43. exd5+ Kxd5 44. Rd1+ Ke6 45. Rd8
Kf5 46. Rh8 Rxh6+ 47. Kg1 Nd6 48. Rc7 Ne4 49. Rcxh7 Rxh7 50. Rxh7 Nxg3 51.
fxg3 Ke4 52. Kf2 Kd3 53. Rd7+ Kc4 54. Ke3 Kb3 55. Kd3 Kxa4 56. Kc4 Ka3 57.
Rd5 Kb2 58. Rxe5 Bd2 59. Re2 Kc2 60. Re6 a4 61. Ra6 Be1 62. Rxa4 Bxg3 63.
Kd4 Kd2 64. Ke4 Bf2 65. Ra2+ Ke1 66. Kf4 g3 67. Kf3 Bc5 68. Re2+ Kf1 69. Re5
Bf2 70. Rd5 Kg1 71. Rd1+ Kh2 72. Rd7 Kg1 73. Rg7 Kf1 74. Rg8 Kg1 75. Rxg3
Be1 76. Rg4 Bf2 77. Re4 Bc5 78. g4 Be7 79. Re6 {Black forfeits on time} 1-0

[Event "ICC Open 2015"]
[Site "Internet Chess Club"]
[Date "2015.05.29"]
[Round "5"]
[White "MAYAB"]
[Black "DroolingBaby"]
[Result "1-0"]
[ICCResult "Black forfeits on time"]
[WhiteElo "1800"]
[BlackElo "2167"]
[Opening "Réti opening"]
[ECO "A04"]
[NIC "QP.11"]
[Time "14:49:47"]
[TimeControl "180+0"]

1. Nf3 Nc6 2. d3 e5 3. Nbd2 Bc5 4. g3 a5 5. Bg2 d6 6. O-O Nf6 7. c4 O-O 8.
Rb1 Be6 9. b3 Qd7 10. Ng5 Bf5 11. e4 Bg4 12. Qc2 Nd4 13. Qb2 h6 14. Ngf3
Ne2+ 15. Kh1 Bh3 16. Nh4 Bxg2+ 17. Kxg2 Nh5 18. Nf5 g6 19. Nxh6+ Kh7 20. Nf3
Nef4+ 21. gxf4 exf4 22. Rg1 Kxh6 23. Kf1 Qh3+ 24. Ke2 f5 25. d4 fxe4 26. Ng5
Qd3+ 27. Ke1 Bxd4 28. Qe2 Qxb1 29. Qd1 Bc3+ 30. Kf1 e3 31. f3 Bd2 32. Ke2
Qxa2 33. Bxd2 exd2 34. Kf1 Rae8 35. Kf2 Qb2 36. Ne4 {Black forfeits on time}
1-0

[Event "ICC Open 2015"]
[Site "Internet Chess Club"]
[Date "2015.05.29"]
[Round "5"]
[White "kevinice"]
[Black "Daler"]
[Result "0-1"]
[ICCResult "White forfeits on time"]
[WhiteElo "1885"]
[BlackElo "2436"]
[Opening "Grünfeld: Three knights variation"]
[ECO "D90"]
[NIC "GI.07"]
[Time "14:48:43"]
[TimeControl "180+0"]

1. d4 Nf6 2. c4 g6 3. Nc3 d5 4. Nf3 Bg7 5. h4 c6 6. Bg5 Qb6 7. cxd5 Nxd5 8.
e4 Nxc3 9. bxc3 h6 10. Bf4 Qa5 11. Qc2 O-O 12. Bd3 Nd7 13. e5 c5 14. e6 fxe6
15. Bd2 cxd4 16. cxd4 Qh5 17. Rb1 a6 18. Bxg6 Qg4 19. Rh3 e5 20. Rg3 Qe6 21.
Bd3 exd4+ 22. Kf1 Kh8 23. Rg6 Rf6 24. Nxd4 Qf7 25. Nf3 Rxg6 26. Bxg6 Qf6 27.
Rb3 Nf8 28. Be4 Be6 29. Rxb7 Rc8 30. Qb1 a5 31. Bxa5 Qf4 32. Bd2 Qg4 33.
Rxe7 Rd8 34. Be3 Bg8 35. Qb7 Rd7 36. Rxd7 Nxd7 37. Bc6 Nf6 38. Qb3 Bxb3 39.
axb3 Ne4 40. Bb5 Nc3 41. Be2 Qd7 42. Nd4 Bxd4 {White forfeits on time} 0-1